 Dungeon Crawl Stone Soup version 0.31-a0-889-g1a8549509d (webtiles) character file.

Game seed: 12754133525086461818

3490 Ekaitz the Grappler (level 9, -7/72 HPs)
             Began as a Green Draconian Shapeshifter on Oct 16, 2023.
             Was a Believer of Dithmenos.
             Killed from afar by a gargoyle (12 damage)
             ... with a stone arrow
             ... in a bailey on Oct 17, 2023.
             The game lasted 00:21:14 (6206 turns).

Ekaitz the Grappler (Green Draconian Shapeshifter)  Turns: 6206, Time: 00:21:14

Health: -7/72      AC: 11    Str: 16    XL:     9   Next: 80%
Magic:  13/13      EV: 14    Int: 11    God:    Dithmenos [**....]
Gold:   199        SH:  0    Dex: 15    Spells: 14/14 levels left

rFire   . .          .
                       - Unarmed
rCold   . . .        (no shield)
rNeg    . . .        (body armour unavailable)
rPois   +            (helmet currently unavailable)
rElec   .            (cloak currently unavailable)
rCorr   .            (gloves currently unavailable)
SInv    .            (boots currently unavailable)
Will    +....        (no amulet)
Stlth   +++          h - +4 ring of protection
HPRegen 0.32/turn    s - ring of willpower
MPRegen 0.13/turn

%: no passive effects
@: beast-form, wreathed by umbra
A: beast (slay +2), breathe noxious fumes, AC +7, unfitting armour, poison
resistance, cold-blooded
a: Breathe Noxious Fumes, Begin Untransformation, Renounce Religion, Shadow Step


You were in a bailey.
You worshipped Dithmenos.
Dithmenos was pleased with you.
You were a hulking beast.
You visited 2 branches of the dungeon, and saw 8 of its levels.
You also visited: Sewer and Bailey.

You collected 271 gold pieces.
You spent 72 gold pieces at shops.

Inventory:

Hand Weapons
 B - a +2 spear of venom
 F - a +1 antimagic dagger
Missiles
 a - 2 curare-tipped darts
 j - 39 poisoned darts
 y - 8 boomerangs
Armour
 D - an orb of light
Jewellery
 h - a +4 ring of protection (left hand)
 s - a ring of willpower (right hand)
Talismans
 b - a beast talisman (active)
 c - a flux talisman
Wands
 o - a wand of quicksilver (6)
Scrolls
 d - 2 scrolls of fog {unknown}
 e - a scroll of butterflies {unknown}
 f - a scroll of amnesia {unknown}
 g - a scroll of identify
 i - 2 scrolls of teleportation {unknown}
 k - 3 scrolls of vulnerability {unknown}
 l - 2 scrolls of noise {unknown}
 p - a scroll of brand weapon {unknown}
 r - a scroll of immolation {unknown}
 A - a scroll of poison {unknown}
 C - 3 scrolls of enchant armour {unknown}
Potions
 m - 2 potions of invisibility {unknown}
 n - 2 potions of haste
 q - 2 potions of degeneration {unknown}
 t - 2 potions of might
 v - 2 potions of enlightenment
 w - a potion of curing
 x - 2 potions of lignification
 z - a potion of mutation


   Skills:
 * Level 4.3 Fighting
 * Level 5.1 Dodging
 * Level 4.1 Stealth
 * Level 9.3 Unarmed Combat
 * Level 3.2 Spellcasting
 * Level 3.4 Invocations
 * Level 3.3 Evocations
 + Level 4.7 Shapeshifting


You had 14 spell levels left.
You didn't know any spells.
Your spell library contained the following spells:

 Spells                   Type           Power      Damage    Failure   Level
 Magic Dart               Conj           4%         1d3       26%         1
 Summon Small Mammal      Summ           4%         N/A       26%         1
 Searing Ray              Conj           2%         2d4       36%         2
 Call Canine Familiar     Summ           1%         N/A       61%         3
 Sigil of Binding         Hex            1%         N/A       61%         3
 Summon Guardian Golem    Hex/Summ       1%         N/A       61%         3
 Dimensional Bullseye     Hex/Tloc       0%         N/A       95%         4
 Fulminant Prism          Conj/Hex       0%         3d5       95%         4
 Leda's Liquefaction      Hex/Erth       0%         N/A       95%         4


Dungeon Overview and Level Annotations

Branches:
Dungeon (7/15)             Temple (1/1) D:5           Sewer (visited)
 Bailey (1/1)

Altars:
Ashenzari
Cheibriados
Dithmenos
Elyvilon
Fedhas
Gozag
Hepliaklqana
Kikubaaqudgha
Makhleb
Nemelex Xobeh
Okawaru
Qazlal
Ru
Sif Muna
Trog
Uskayaw
Vehumet
Wu Jian
Xom
Yredelemnul

Shops:
D:2 ?   D:7 !


Innate Abilities, Weirdness & Mutations

You are a hulking beast.
Your limbs bulge with bestial killing power. (Slay +2)
You can breathe blasts of noxious fumes.
Your lurid green scales are hard. (AC +7)
You cannot fit into any form of body armour.
Your system is resistant to poisons. (rPois)
You are cold-blooded and may be slowed by cold attacks.


Message History

The gargoyle closely misses you.
You hit the gargoyle but do no damage.
The gargoyle is heavily damaged.
The gargoyle hurls a stone arrow at you.
The stone arrow hits you!
You hit the gargoyle but do no damage. You tail-slap the gargoyle.
The gargoyle is severely damaged.
The gargoyle closely misses you.
You hit the gargoyle.
The gargoyle is almost destroyed.
The gargoyle hits you with a +0 flail.
* * * LOW HITPOINT WARNING * * *
You hit the gargoyle but do no damage. Your punch misses the gargoyle.
The gargoyle is almost destroyed.
You hit the gargoyle but do no damage.
You tail-slap the gargoyle, but do no damage.
The gargoyle is almost destroyed.
The gargoyle closely misses you.
You hit the gargoyle but do no damage.
The gargoyle is almost destroyed.
The gargoyle hits you with a +0 flail!
* * * LOW HITPOINT WARNING * * *
You hit the gargoyle but do no damage.
The gargoyle is almost destroyed.
The gargoyle barely misses you.
You hit the gargoyle but do no damage.
The gargoyle is almost destroyed.
The gargoyle misses you.
You hit the gargoyle but do no damage.
The gargoyle is almost destroyed.
The gargoyle hurls a stone arrow at you.
The stone arrow misses you.
You hit the gargoyle but do no damage.
You tail-slap the gargoyle, but do no damage.
The gargoyle is almost destroyed.
You hit the gargoyle but do no damage. You punch the gargoyle.
The gargoyle is almost destroyed.
The gargoyle hurls a stone arrow at you.
The stone arrow hits you!
You die...

♣.....#....#......♣....#)÷.#
♣♣....#..).#....♣...♣..#.÷.#
♣♣#'##+#))#...........#...#
#....#).#...........#####
#....####...#...♣♣...
#....'....####... ...
#....'...##..##
#....#...#....#######
#....#......)h.......
####+#......#9.......
#8....##...##++#
#######...## ..## ...# ####


You could see a gargoyle.

Vanquished Creatures
  A kobold demonologist (D:7)
  Prince Ribbit (D:6)
  2 slime creatures (D:7)
  A steam dragon (D:7)
  A water moccasin (D:6)
  A black bear (D:7)
  An ice beast (D:5)
  2 ogres (D:5)
  2 centaurs
  2 bullfrogs (D:7)
  4 kobold brigands
  5 scorpions
  6 vampire bats (Bailey)
  4 wolf zombies (Bailey)
  4 hounds
  3 jellies
  5 iguanas
  5 sleepcaps
  An orc wizard (D:4)
  Terence (D:2)
  3 river rats (Sewer)
  14 adders
  2 shadow imps
  4 ufetubi (D:6)
  2 worms
  2 dart slugs
  20 orcs
  2 bat skeletons (D:2)
  7 endoplasms
  6 giant cockroaches
  8 hobgoblins
  4 jackals
  18 kobolds
  6 quokkas
  6 ball pythons
  7 bats
  3 frilled lizards
  6 goblins
  22 orc zombies (Bailey)
  9 rats
203 creatures vanquished.

Notes
Turn   | Place    | Note
-------+----------+-------------------------------------------
     0 | D:1      | Ekaitz the Draconian Shapeshifter began the quest for the
                  | Orb.
     0 | D:1      | Reached XP level 1. HP: 16/16 MP: 1/1
   123 | D:1      | Reached XP level 2. HP: 22/23 MP: 2/2
   286 | D:1      | Found a faded altar of an unknown god.
   376 | D:1      | Reached XP level 3. HP: 28/28 MP: 3/3
   541 | D:2      | Found Xikias's Magic Scroll Shoppe.
   552 | D:2      | Bought a scroll of identify for 28 gold pieces
   696 | D:2      | Noticed Terence
   712 | D:2      | Killed Terence
   713 | D:2      | Reached skill level 4 in Unarmed Combat
   713 | D:2      | Reached XP level 4. HP: 15/35 MP: 4/4
  1248 | D:3      | Identified the +0 chain mail of Card Tricks {rC+ Int-4
                  | SInv}
  1747 | D:4      | Noticed a scorpion
  1767 | D:3      | Reached XP level 5. HP: 37/40 MP: 6/6
  1866 | D:4      | Found a glowing drain.
  1980 | Sewer    | Entered a sewer
  2173 | Sewer    | Reached XP level 6. HP: 28/48 MP: 7/7
  2181 | Sewer    | Reached skill level 5 in Unarmed Combat
  2181 | Sewer    | Reached skill level 1 in Spellcasting
  2323 | Sewer    | Found a glowing silver altar of Zin.
  2822 | D:4      | Found a shimmering blue altar of Sif Muna.
  3127 | D:5      | Entered Level 5 of the Dungeon
  3133 | D:5      | Your scales start taking on a lurid green colour.
  3133 | D:5      | Reached XP level 7. HP: 50/55 MP: 8/8
  3133 | D:5      | Gained mutation: Your system is resistant to poisons.
                  | (rPois) [Green Draconian growth]
  3222 | D:5      | Found a staircase to the Ecumenical Temple.
  3236 | Temple   | Entered the Ecumenical Temple
  3326 | Temple   | Became a worshipper of Dithmenos the Shadowed
  3423 | D:5      | Reached skill level 6 in Unarmed Combat
  3423 | D:5      | Reached skill level 1 in Evocations
  3442 | D:5      | Reached skill level 1 in Stealth
  3485 | D:5      | Reached skill level 1 in Invocations
  3717 | D:5      | Identified the +3 ring mail "Gytuil" {Contam Harm Fly
                  | Regen+}
  3724 | D:5      | Reached XP level 8. HP: 29/62 MP: 9/11
  4054 | D:5      | Found a broken altar of Ashenzari.
  4063 | D:5      | Found a radiant altar of Vehumet.
  4208 | D:6      | Reached skill level 7 in Unarmed Combat
  4302 | D:6      | Reached * piety under Dithmenos
  4542 | D:6      | Noticed Prince Ribbit
  4561 | D:6      | Killed Prince Ribbit
  5273 | D:7      | Noticed a slime creature
  5280 | D:7      | Noticed a slime creature
  5281 | D:7      | Noticed a slime creature
  5281 | D:7      | Noticed a slime creature
  5291 | D:7      | Noticed a slime creature
  5296 | D:7      | Killed a slime creature
  5297 | D:7      | Reached skill level 8 in Unarmed Combat
  5300 | D:7      | Reached XP level 9. HP: 56/70 MP: 12/12
  5335 | D:7      | Found Fimacwy's Distillery.
  5335 | D:7      | Noticed a kobold demonologist
  5360 | D:7      | Killed a kobold demonologist
  5384 | D:7      | Bought a potion of might for 44 gold pieces
  5675 | D:7      | Reached skill level 9 in Unarmed Combat
  5865 | D:7      | Found a flagged portal.
  5881 | Bailey   | Entered a bailey
  5890 | Bailey   | Reached ** piety under Dithmenos
  6127 | Bailey   | Reached skill level 5 in Dodging
  6184 | Bailey   | Noticed a gargoyle
  6206 | Bailey   | Killed from afar by a gargoyle

Illustrated notes

Levels and vault maps discovered:
D:1:      dpeg_arrival_rhombi, layout_basic, basic_ecumenical_altar
D:2:      layout_loops_cross, serial_undead, serial_undead_e, serial_undead_b,
          serial_undead_a, serial_undead_f, serial_shops,
          nicolae_shop_temple_entry_statues_fountains, st_stairs_3,
          minmay_three_crescents, uniq_terence
D:3:      layout_rooms, grunt_decor_mini_mirrors
D:4:      layout_cave_pools, tgw_sif, gup_sewer_entry_glass,
          hangedman_decor_growths
D:5:      layout_rooms, amethyst_overflow_temple_binary, temple_pool_b,
          chequers_serial_rivers_room_a
D:6:      layout_basic, nicolae_sextant, uniq_prince_ribbit1
D:7:      layout_gridville, enter_bailey_2, serial_shops, shop
Temple:   minmay_temple_bridge_d
Bailey:   bailey_polearm_vampire_castle_hellmonk, bailey

Skill      XL: |  1  2  3  4  5  6  7  8  9 |
---------------+----------------------------+-----
Dodging        | 2 3 4 5 |  5.1
Unarmed Combat | 4 5 6 8 9 |  9.3
Spellcasting   | 1 2 3 |  3.2
Fighting       | 2 3 4 |  4.3
Shapeshifting  | 4 |  4.7
Evocations     | 1 2 3 |  3.3
Stealth        | 1 2 4 |  4.1
Invocations    | 1 2 3 |  3.4

Action                     |  1- 3 |  4- 6 |  7- 9 || total
---------------------------+-------+-------+-------++-------
  Melee: Unarmed           |    96 |   239 |   344 ||   679
         Tailslap          |     8 |    31 |    69 ||   108
         Punch             |     2 |    11 |    13 ||    26
  Throw: Dart              |     3 |       |       ||     3
Ability: Breathe Noxious F |       |       |     9 ||     9
    Use: Potion            |       |     2 |       ||     2
         Scroll            |       |       |     3 ||     3
   Stab: Sleeping          |       |     1 |    10 ||    11
         Confused          |       |       |     8 ||     8
         Distracted        |       |       |     1 ||     1
 Armour: Skin              |    38 |   173 |   161 ||   372
  Dodge: Dodged            |    61 |   164 |   246 ||   471

Table legend: (Time is in decaauts)
 A = Elapsed time spent in this place.
 B = Non-inter-level travel time spent in this place.
 C = Inter-level travel time spent in this place.
 D = Time resting spent in this place.
 E = Time spent auto-exploring this place.
 F = Levels seen in this place.
 G = Mean time per level.
                   A        B        C        D        E       F      G
               +--------+--------+--------+--------+--------+-----+--------+
         Total |   6162 |   5801 |    361 |    449 |   3275 |  10 |  616.2 |
       Dungeon |   5294 |   5071 |    223 |    295 |   3091 |   7 |  756.3 |
        Temple |    160 |     23 |    137 |      0 |      0 |   1 |  160.0 |
         Sewer |    401 |    401 |      0 |    154 |    135 |   1 |  401.0 |
        Bailey |    305 |    305 |      0 |      0 |     49 |   1 |  305.0 |
               +--------+--------+--------+--------+--------+-----+--------+

Top non-repeatable levels by time:
     D:6: 1127 daAuts
     D:4: 963 daAuts
     D:5: 792 daAuts
     D:2: 746 daAuts
     D:7: 643 daAuts
     D:3: 557 daAuts
     D:1: 463 daAuts
   Sewer: 401 daAuts
  Bailey: 305 daAuts
  Temple: 160 daAuts
